 Dungeon Crawl Stone Soup version 0.26-a0-651-gb41185065b (webtiles) character file.

Game seed: 14718861851891458051

2755 Iscandelvey the Vexing (level 10, 0/69 HPs)
             Began as a Human Arcane Marksman on Sept 29, 2020.
             Was a Follower of Vehumet.
             Slain by a two-headed ogre
             ... wielding a +0 giant spiked club
              (2 damage)
             ... on level 7 of the Dungeon on Sept 30, 2020.
             The game lasted 01:20:07 (13870 turns).

Iscandelvey the Vexing (Human Arcane Marksman)     Turns: 13870, Time: 01:20:07

Health: 0/69       AC: 11    Str: 16    XL:     10   Next: 0%
Magic:  9/19       EV: 12    Int: 16    God:    Vehumet [*.....]
Gold:   420        SH:  0    Dex: 15    Spells: 14/21 levels left

rFire    . . .     SeeInvis .   O - +1 dagger (venom)
rCold    . . .     Faith    .   (no shield)
rNeg     . . .     Spirit   .   G - +2 scale mail {rPois}
rPois    +         Reflect  .   Q - +0 helmet
rElec    .         Harm     .   (no cloak)
rCorr    .         Rampage  .   (no gloves)
MR       .....                  x - +0 pair of boots
Stlth    +.........             (no amulet)
HPRegen  0.21/turn              N - ring of stealth
MPRegen  0.16/turn              K - +6 ring of strength

@: no status effects
A: no striking features
a: Renounce Religion


You were on level 7 of the Dungeon.
You worshipped Vehumet.
Vehumet was aware of your devotion.
You visited 2 branches of the dungeon, and saw 9 of its levels.

You collected 420 gold pieces.

Inventory:

Hand Weapons
 a - a +0 hunting sling
 b - a +0 club
 c - a +0 dagger
 l - a +0 halberd
 s - a +0 spear
 H - a +0 whip of flaming
 M - a +0 flail of protection
 O - a +1 dagger of venom (weapon)
Missiles
 d - 15 sling bullets
 i - 113 stones
 k - 17 boomerangs (quivered)
 q - 209 arrows
 z - 151 bolts
 B - 12 javelins
Armour
 e - a +0 robe
 j - a +0 ring mail
 n - a +0 robe of resistance
 v - a cursed +0 ring mail
 x - a +0 pair of boots (worn)
 G - a +2 scale mail of poison resistance (worn)
 Q - a +0 helmet (worn)
Jewellery
 g - an uncursed ring of poison resistance
 K - a +6 ring of strength (right hand)
 N - a ring of stealth (left hand)
 P - a +6 ring of intelligence {unknown}
Scrolls
 f - 3 scrolls of enchant weapon
 h - 4 scrolls of enchant armour
 t - 2 scrolls of immolation
 u - a scroll of noise {unknown}
 y - 4 scrolls of remove curse
 C - a scroll of magic mapping {unknown}
 D - 3 scrolls of amnesia {unknown}
 I - 2 scrolls of blinking {unknown}
 J - a scroll of random uselessness {unknown}
 R - 2 scrolls of identify
Potions
 m - a potion of ambrosia
 o - a potion of might
 p - 4 potions of curing
 r - a potion of mutation {unknown}
 w - a potion of brilliance {unknown}
 A - 3 potions of heal wounds {unknown}
 E - 2 potions of cancellation {unknown}
 F - 3 potions of berserk rage {unknown}
 L - a potion of haste {unknown}


   Skills:
 - Level 2.9 Fighting
 - Level 2.0(2.7) Slings
 - Level 2.9(3.2) Throwing
 + Level 4.5 Armour
 + Level 5.4 Dodging
 * Level 6.4 Spellcasting
 * Level 7.7 Hexes


You had 14 spell levels left.
You knew the following spells:

 Your Spells              Type           Power        Failure   Level
a - Corona                Hex            ####...      1%          1
b - Slow                  Hex            ####....     2%          2
c - Cause Fear            Hex            ####......   19%         4

Your spell library contained the following spells:

 Spells                   Type           Power        Failure   Level
 Shock                    Conj/Air       #...         41%         1
 Inner Flame              Hex/Fire       ###.....     26%         3
 Portal Projectile        Hex/Tloc       ###...       26%         3
 Leda's Liquefaction      Hex/Erth       ###.......   65%         4


Dungeon Overview and Level Annotations

Branches:
Dungeon (8/15)             Temple (1/1) D:6
   Lair: D:8-11

Altars:
Ashenzari
Cheibriados
Dithmenos
Fedhas
Hepliaklqana
Kikubaaqudgha
Makhleb
Nemelex Xobeh
Sif Muna
Trog
Uskayaw
Vehumet
Wu Jian
Xom
Zin
The Shining One
Lugonu

Annotations:
D:4 1 runed translucent door, Crazy Yiuf
D:5 2 transporters


Message History

The sixfirhy hits you! The sixfirhy shocks you!
The kobold demonologist hits you but does no damage.
The sixfirhy hits you! The sixfirhy shocks you!
Okay, then.
Okay, then.
The sixfirhy barely misses you.
The sixfirhy hits you but does no damage. x2
The kobold demonologist completely misses you.
The sixfirhy hits you. The sixfirhy shocks you!
* * * LOW HITPOINT WARNING * * *
You climb downwards.
The sixfirhy disappears in a puff of smoke!
The two-headed ogre barely misses you. x2
There is a stone staircase leading up here.
The orc shouts!
You hear a shout!
The kobold demonologist mumbles some strange words.
The two-headed ogre hits you with a +0 giant spiked club!
* * * LOW HITPOINT WARNING * * *
The two-headed ogre hits you with a +0 giant spiked club.
You die...

#.....#
#....####...
#..........#
##.....# ..
#......##.##
##...........
#..K....#####
##.4.O#..##
##...#@#.O.###
.##...#.#<....#
#.#..).#.#...#.#
K##.†).#.#.#....#
Oy##.<.##.#.####.#
### #.##...###.#o#
# ##)###.##....#
#o#.#
.....K$#.....#
#...#
##.#####.>.### ...


You could see a two-headed ogre, a kobold demonologist (poisoned), a chaos spawn
(summoned) and an orc.

Vanquished Creatures
  Pikel (D:5)
  A hornet (D:6)
  An ice beast (D:6)
  2 orc warriors
  A black bear (D:4)
  An ogre (D:6)
  3 centaurs
  A lemure (D:4)
  A big kobold (D:7)
  4 scorpions
  A killer bee (D:7)
  2 jellies
  A bullfrog zombie (D:7)
  A bullfrog skeleton (D:6)
  3 hounds
  2 orc priests
  5 orc wizards
  A gnoll shaman (D:6)
  3 iguanas
  Natasha (thrice) (D:3)
  7 worker ants
  A hound zombie (D:7)
  A hound skeleton (D:4)
  A worker ant zombie (D:5)
  10 gnolls
  7 adders
  2 shadow imps (D:6)
  A white imp (D:6)
  4 oozes
  2 adder skeletons
  An adder zombie (D:7)
  3 worms
  4 dart slugs
  5 leopard geckos
  13 orcs
  6 giant cockroaches
  11 goblins
  8 hobgoblins
  4 jackals (D:4)
  7 kobolds
  2 quokkas
  A ball python (D:1)
  10 bats
  4 frilled lizards
  A leopard gecko skeleton (D:5)
  8 rats
162 creatures vanquished.

Vanquished Creatures (others)
  A plant (D:3)
1 creature vanquished.

Grand Total: 163 creatures vanquished

Notes
Turn   | Place    | Note
-------+----------+-------------------------------------------
     0 | D:1      | Iscandelvey the Human Arcane Marksman began the quest for
                  | the Orb.
     0 | D:1      | Reached XP level 1. HP: 15/15 MP: 2/2
    71 | D:1      | Reached XP level 2. HP: 12/21 MP: 3/3
   333 | D:1      | Reached skill level 1 in Throwing
   405 | D:1      | Learned a level 2 spell: Slow
   579 | D:1      | Reached XP level 3. HP: 26/26 MP: 4/4
  1622 | D:2      | Reached XP level 4. HP: 25/33 MP: 3/5
  2543 | D:2      | Found a shimmering altar of Xom.
  2544 | D:2      | Found a hazy altar of Hepliaklqana.
  2545 | D:2      | Noticed a spectral ugly thing
  3260 | D:3      | Reached XP level 5. HP: 36/38 MP: 7/7
  3311 | D:3      | Noticed Natasha
  3331 | D:3      | Killed Natasha
  3591 | D:3      | Noticed Natasha
  3614 | D:3      | Killed Natasha
  4101 | D:3      | Reached XP level 6. HP: 46/46 MP: 2/8
  4702 | D:3      | Found a glowing golden altar of the Shining One.
  4716 | D:3      | Noticed Natasha
  4726 | D:3      | Killed Natasha
  4830 | D:3      | Noticed an orc warrior
  5709 | D:4      | Found a runed translucent door.
  5710 | D:4      | Noticed Crazy Yiuf
  5734 | D:4      | Found a sparkling altar of Nemelex Xobeh.
  5773 | D:4      | Reached skill level 4 in Hexes
  5937 | D:4      | Reached skill level 1 in Armour
  6270 | D:4      | Reached XP level 7. HP: 23/51 MP: 1/10
  6875 | D:4      | Found a radiant altar of Vehumet.
  7026 | D:4      | Found a bloodstained altar of Trog.
  7131 | D:4      | Became a worshipper of Vehumet
  7541 | D:4      | Found a shimmering blue altar of Sif Muna.
  7850 | D:5      | Entered Level 5 of the Dungeon
  7867 | D:5      | Found a hide-covered altar of Uskayaw.
  7963 | D:5      | Reached skill level 5 in Hexes
  8226 | D:5      | Reached XP level 8. HP: 26/57 MP: 11/13
  8449 | D:5      | Found a transporter.
  8485 | D:5      | Noticed a kobold demonologist
  8486 | D:5      | Noticed Pikel
  8616 | D:5      | Found a transporter.
  8898 | D:5      | Found a shadowy altar of Dithmenos.
  9728 | D:6      | Found a broken altar of Ashenzari.
 10384 | D:6      | Found a staircase to the Ecumenical Temple.
 10528 | Temple   | Entered the Ecumenical Temple
 10768 | D:6      | Reached skill level 6 in Hexes
 11187 | D:6      | Found a glowing silver altar of Zin.
 11290 | D:6      | Reached * piety under Vehumet
 11290 | D:6      | Offered knowledge of Shock by Vehumet.
 11362 | D:5      | Learned a level 4 spell: Cause Fear
 11411 | D:7      | Noticed a hornet
 11411 | D:7      | Paralysed by a hornet for 3 turns
 11426 | D:6      | Killed a hornet
 11426 | D:6      | Reached skill level 5 in Spellcasting
 11426 | D:6      | Reached XP level 9. HP: 21/62 MP: 16/16
 12205 | D:5      | Killed Pikel
 12205 | D:5      | Reached skill level 5 in Dodging
 12205 | D:5      | Reached skill level 7 in Hexes
 13544 | D:7      | Noticed a two-headed ogre
 13547 | D:7      | Noticed a kobold demonologist
 13799 | D:7      | Noticed an ice devil
 13848 | D:7      | Reached XP level 10. HP: 69/69 MP: 19/19
 13866 | D:6      | Noticed a sixfirhy
 13870 | D:7      | HP: 2/69 [two-headed ogre/+0 giant spiked club (12)]
 13870 | D:7      | Slain by a two-headed ogre

Illustrated notes

Levels and vault maps discovered:
D:1:      heliophobic_arrival_glass_houses, layout_loops_ring,
          minmay_misc_feat_ornament
D:2:      layout_loops_corners, regret_index_temple_of_mockery, minmay_vboxes
D:3:      layout_loops_corners, tso_oasis_becter, uniq_natasha
D:4:      layout_gridville, kennysheep_mini_moat,
          nemelex_xobeh_ov_fountains_minmay, nicolae_overflow_hidden_temple,
          led_sif_pool, uniq_crazy_yiuf_cottage
D:5:      gammafunk_wand_slinger, layout_rooms, old_standard_altar,
          nicolae_dithmenos_the_darkroom, uniq_pikel
D:6:      layout_cave_pools, ashenzari_altar_1, nicolae_overflow_crystal_walls,
          minmay_temple_entry_wispy
D:7:      minmay_the_grid_triangle_9x9_recursive_2
          [minmay_the_grid_triangle_9x9_prize_insulated,
          minmay_the_grid_triangle_9x9_minimal,
          minmay_the_grid_triangle_9x9_subtriangle,
          minmay_the_grid_triangle_9x9_skeleton], layout_rooms,
          overflow_temple_1_default, corner_web_ring, kb_rosetta
D:8:      layout_loops_ring, hangedman_little_slice_of_home
Temple:   corrupted_temple

Skill      XL: |  1  2  3  4  5  6  7  8  9 |
---------------+----------------------------+-----
Throwing       | 1 2 |  2.9
Fighting       | 2 |  2.9
Spellcasting   | 2 3 5 6 |  6.4
Dodging        | 3 4 5 |  5.4
Hexes          | 4 5 6 7 |  7.7
Armour         | 1 2 3 4 |  4.5
Slings         | |  2.0

Action                   |  1- 3 |  4- 6 |  7- 9 | 10-12 || total
-------------------------+-------+-------+-------+-------++-------
Melee: Club              |     2 |    15 |       |       ||    17
       Dagger            |   144 |   248 |   218 |     3 ||   613
       Spear             |       |   127 |   319 |       ||   446
       Halberd           |       |       |    69 |       ||    69
       Flail             |       |       |    26 |       ||    26
 Fire: Hunting sling     |    38 |    27 |    38 |       ||   103
Throw: Javelin           |     1 |    16 |       |       ||    17
       Boomerang         |       |     1 |    33 |       ||    34
       Stone             |       |     1 |       |       ||     1
 Cast: Corona            |     8 |    25 |    31 |       ||    64
       Slow              |       |    18 |    59 |     6 ||    83
       Cause Fear        |       |       |     1 |       ||     1
  Use: Potion            |       |     4 |     2 |       ||     6
       Scroll            |       |     5 |     1 |       ||     6
Armor: Robe              |     5 |       |       |       ||     5
       Ring mail         |    43 |   125 |       |       ||   168
       Skin              |       |    34 |       |       ||    34
       Scale mail        |       |     9 |   260 |     3 ||   272
Dodge: Dodged            |   110 |   225 |   386 |     6 ||   727

Table legend: (Time is in decaauts)
 A = Elapsed time spent in this place.
 B = Non-inter-level travel time spent in this place.
 C = Inter-level travel time spent in this place.
 D = Time resting spent in this place.
 E = Time spent auto-exploring this place.
 F = Levels seen in this place.
 G = Mean time per level.
                   A        B        C        D        E       F      G
               +--------+--------+--------+--------+--------+-----+--------+
         Total |  14020 |  11928 |   2092 |   5222 |   3419 |   9 | 1557.8 |
       Dungeon |  13969 |  11892 |   2077 |   5222 |   3385 |   8 | 1746.1 |
        Temple |     50 |     35 |     15 |      0 |     34 |   1 |   50.0 |
               +--------+--------+--------+--------+--------+-----+--------+

Top non-repeatable levels by time:
     D:4: 3527 daAuts
     D:6: 2868 daAuts
     D:3: 2171 daAuts
     D:2: 1877 daAuts
     D:5: 1612 daAuts
     D:1: 1529 daAuts
     D:7: 379 daAuts
  Temple: 50 daAuts
     D:8: 1 daAuts
